 Dungeon Sprint DCSS version 0.27.1-33-g824d729ab1 (webtiles) character file.

Game seed: 8512315759192160160

1155 Adenis the Imperceptible (level 8, -1/62 HPs)
             Began as a Vampire Brigand on Dec 7, 2021.
             Was a Follower of Trog.
             Slain by a deep troll (19 damage)
             ... in the Dungeon (Sprint I: "Red Sonja").
             The game lasted 00:02:09 (404 turns).

Adenis the Imperceptible (Vampire Brigand)           Turns: 404, Time: 00:02:10

Health: -1/62      AC:  3    Str: 14    XL:     8   Next: 16%
Magic:  8/8        EV: 13    Int: 13    God:    Trog [*.....]
Gold:   614        SH:  0    Dex: 18    Spells: 7/7 levels left

rFire    . . .     SeeInvis +   m - +10 falchion "Orb Guardian's Curse" {drain, Str+4}
rCold    . . .     Faith    .   (no shield)
rNeg     . . .     Spirit   .   b - +0 robe
rPois    .         Reflect  .   (no helmet)
rElec    .         Harm     .   c - +0 cloak
rCorr    .         Rampage  .   (no gloves)
Will     .....     NoTele   +   (no boots)
Stlth    ++++++++..             (no amulet)
HPRegen  0.40/turn              (no ring)
MPRegen  0.11/turn              (no ring)

@: healing quickly
A: alive, fangs 3, see invisible, vampiric 2
a: Exsanguinate, Renounce Religion, Berserk


You were in the Dungeon.
You worshipped Trog.
Trog was aware of your devotion.
You visited 1 branch You collected 614 gold pieces.

Inventory:

Hand Weapons
 a - a +2 dagger
 l - a +2 dagger of distortion
 m - the +10 falchion "Orb Guardian's Curse" (weapon) {drain, Str+4}
   (You found it in the Dungeon)

   A truly terrible weapon, it drains the life of any living foe it strikes.
   Str:       It affects your strength (+4).
Missiles
 d - 8 poisoned darts (quivered)
 e - 4 curare-tipped darts
Armour
 b - a +0 robe (worn)
 c - a +0 cloak (worn)
Scrolls
 k - a scroll of blinking
Potions
 f - 4 potions of curing
 g - a potion of heal wounds
 h - a potion of haste
 i - 2 potions of magic
 j - a potion of berserk rage


   Skills:
 + Level 5.1 Fighting
 + Level 6.7 Short Blades
 + Level 4.7 Throwing
 + Level 3.4 Dodging
 + Level 21.1 Stealth


You had 7 spell levels left.
You didn't know any spells.
Your spell library was empty.

Dungeon Overview and Level Annotations

Branches:
Dungeon (1/1)

Altars:
Cheibriados
Dithmenos
Elyvilon
Fedhas
Gozag
Hepliaklqana
Kikubaaqudgha
Makhleb
Nemelex Xobeh
Okawaru
Qazlal
Ru
Sif Muna
Trog
Uskayaw
Vehumet
Wu Jian
Xom
Yredelemnul
Zin
The Shining One
Jiyva
Lugonu

Shops:
D ([


Innate Abilities, Weirdness & Mutations

Your natural rate of healing is accelerated.
You have razor-sharp teeth.
You have supernaturally acute eyesight. (SInv)
You are afflicted with vampirism and can become a bat while bloodless.


Message History

You now have 452 gold pieces (gained 27).
You see here a +0 short sword.
You now have 479 gold pieces (gained 27).
You now have 506 gold pieces (gained 27).
You now have 533 gold pieces (gained 27).
You now have 560 gold pieces (gained 27).
You now have 587 gold pieces (gained 27).
You now have 614 gold pieces (gained 27).
You see here a +0 trident.
You see here the +10 falchion "Orb Guardian's Curse" {drain, Str+4}.
m - the +10 falchion "Orb Guardian's Curse" {drain, Str+4} You feel stronger.
You sense an unholy aura.
m - the +10 falchion "Orb Guardian's Curse" (weapon)
{drain, Str+4} You see here a +0 trident.
You start resting.
HP restored.
There is an open door here.
You see here the kobold corpse of Sonja.
You open the door.
A deep troll comes into view.
Found 108 gold pieces.
There is an open door here.
You see here 27 gold pieces.
You see here 27 gold pieces.
The helpless deep troll fails to defend itself.
You slice the deep troll!!
The deep troll is heavily wounded.
The deep troll bites you! The deep troll claws you!
The deep troll barely misses you.
You barely miss the deep troll. You bite the deep troll.
The deep troll is heavily wounded.
The deep troll bites you! The deep troll claws you!
* * * LOW HITPOINT WARNING * * *
The deep troll claws you but does no damage.
You hit the deep troll but do no damage.
You drain the deep troll.
The deep troll is severely wounded.
The deep troll bites you!!
You die...

#..#####'#####'#__#
#..####..#...#)####
#..#__####..##)#
#..#_____##'#_.+
#⌠⌠#_.∩...'..._#
####_..__##_.#'#
#_____###'#.#
############.####+###
#∩........'...'$@T$$+
###++++####.†.#######
###.### #.#'#.#
#.....# #.).).#
#######


You could see a deep troll (drained).

Vanquished Creatures
  Sonja (D)
  A slime creature (D)
  Sigmund (D)
  A yak (D)
  An ogre (D)
  A jelly (D)
  Ijyb (D)
  A ballistomycete spore (D)
8 creatures vanquished.

Vanquished Creatures (others)
  A gargoyle (D)
  A ballistomycete spore (D)
2 creatures vanquished.

Grand Total: 10 creatures vanquished

Notes
Turn   | Place    | Note
-------+----------+-------------------------------------------
     0 | D        | Adenis the Vampire Brigand began the quest for the Orb.
     0 | D        | Reached XP level 1. HP: 16/16 MP: 1/1
     2 | D        | Noticed Ijyb
     9 | D        | Killed Ijyb
    10 | D        | Reached skill level 9 in Stealth
    10 | D        | Reached XP level 2. HP: 10/23 MP: 2/2
   154 | D        | Killed a gargoyle
   156 | D        | Noticed an ogre
   159 | D        | Killed an ogre
   160 | D        | Reached skill level 12 in Stealth
   160 | D        | Gained mutation: You are afflicted with vampirism and can
                  | become a bat while bloodless. [Vampire growth]
   160 | D        | Reached XP level 3. HP: 29/29 MP: 3/3
   160 | D        | Reached XP level 4. HP: 35/35 MP: 4/4
   170 | D        | Noticed Sigmund
   173 | D        | Killed Sigmund
   174 | D        | Reached skill level 15 in Stealth
   174 | D        | Reached XP level 5. HP: 42/42 MP: 5/5
   174 | D        | Reached XP level 6. HP: 48/48 MP: 6/6
   185 | D        | Found a shimmering blue altar of Sif Muna.
   186 | D        | Found an ornate altar of the Wu Jian Council.
   188 | D        | Found a radiant altar of Vehumet.
   193 | D        | Reached skill level 5 in Short Blades
   193 | D        | Reached skill level 16 in Stealth
   201 | D        | Found Vesut's Antique Armour Emporium.
   201 | D        | Found an ancient bone altar of Kikubaaqudgha.
   201 | D        | Found a hazy altar of Hepliaklqana.
   201 | D        | Found a stormy altar of Qazlal.
   201 | D        | Found a hide-covered altar of Uskayaw.
   201 | D        | Found a blossoming altar of Fedhas.
   201 | D        | Found a bloodstained altar of Trog.
   201 | D        | Found an iron altar of Okawaru.
   201 | D        | Found a basalt altar of Yredelemnul.
   201 | D        | Found a snail-covered altar of Cheibriados.
   201 | D        | Found a sacrificial altar of Ru.
   201 | D        | Found a shadowy altar of Dithmenos.
   201 | D        | Noticed a yak
   202 | D        | Found an opulent altar of Gozag.
   203 | D        | Killed a yak
   204 | D        | Reached skill level 17 in Stealth
   204 | D        | Found a sparkling altar of Nemelex Xobeh.
   209 | D        | Became a worshipper of Trog the Wrathful
   218 | D        | Noticed Sonja
   222 | D        | Killed Sonja
   223 | D        | Reached skill level 5 in Fighting
   223 | D        | Reached skill level 20 in Stealth
   223 | D        | Reached XP level 7. HP: 56/56 MP: 7/7
   266 | D        | Found a burning altar of Makhleb.
   266 | D        | Found a viscous altar of Jiyva.
   266 | D        | Found a shimmering altar of Xom.
   266 | D        | Found a corrupted altar of Lugonu.
   266 | D        | Noticed a slime creature
   269 | D        | Killed a slime creature
   269 | D        | Reached * piety under Trog
   270 | D        | Reached skill level 21 in Stealth
   270 | D        | Reached XP level 8. HP: 62/62 MP: 8/8
   291 | D        | Found Cutuemn's Antique Weapon Boutique.
   347 | D        | Identified the +10 falchion "Orb Guardian's Curse" {drain,
                  | Str+4}
   398 | D        | Noticed a deep troll
   404 | D        | Slain by a deep troll

Illustrated notes

Levels and vault maps discovered:
D:        dungeon_sprint_1 [red_sonja_temple_1, red_sonja_temple_small_1]

Skill      XL: |  1  2  3  4  5  6  7 |
---------------+----------------------+-----
Fighting       | 2 3 5 |  5.1
Short Blades   | 3 4 6 |  6.7
Throwing       | 2 3 4 |  4.7
Stealth        | 9 12 15 20 21 | 21.1
Dodging        | 2 3 |  3.4

Action                   |  1- 3 |  4- 6 |  7- 9 || total
-------------------------+-------+-------+-------++-------
Melee: Dagger            |     6 |     4 |     2 ||    12
       Bite              |     1 |       |     1 ||     2
       Falchion          |       |       |     3 ||     3
 Stab: Sleeping          |     2 |     4 |     3 ||     9
Armor: Robe              |       |       |     1 ||     1
Dodge: Dodged            |       |       |     1 ||     1
